Map: Oxide LE

Players

NOObius

  • Race: Zerg Zerg
  • League: Platinum

TheShredder - Winner!

  • Race: Terran Terran
  • League: Diamond

VOD

Have the link to the VOD?

Description

Time

  • Played on: July 6, 2021, 6:22 a.m.
  • Length: 26:43
Show
View Real Time Build Order
Export as new Build Order

NOObius Zerg 

Build Orders: Hatch First, Swarm Host 

Get SALT Encoding   

  12  0:04  Drone  
  13  0:20  Overlord  
  13  0:26  Drone  
  14  0:38  Drone x2  
  16  0:55  Drone x2  
  18  0:59  Hatchery  
  17  1:08  Drone  
  18  1:14  Extractor  
  17  1:19  Drone  
  17  1:22  Spawning Pool  
  17  1:31  Drone  
  18  1:36  Drone  
  19  1:55  Drone  
  20  2:04  Drone  
  21  2:10  Queen  
  21  2:11  Queen  
  21  2:13  Overlord  
  25  2:16  Zergling x2  
  26  2:23  Metabolic Boost  
  26  2:25  Zergling x4  
  28  2:31  Zergling x2  
  28  2:37  Spore Crawler  
  28  2:38  Extractor  
  28  2:39  Extractor  
  28  2:40  Spore Crawler  
  29  2:53  Drone x4  
  33  3:04  Zergling x4  
  35  3:09  Spine Crawler  
  33  3:14  Queen  
  35  3:25  Drone  
  35  3:26  Overlord x3  
  35  3:43  Queen  
  36  3:58  Zergling x14  
  36  4:02  Queen  
  44  4:12  Spore Crawler  
  40  4:25  Drone  
  40  4:26  Drone x4  
  46  4:31  Drone x4  
  48  5:10  Drone  
  48  5:12  Drone x2  
  48  5:14  Lair  
  49  5:15  Zergling x2  
  49  5:16  Zergling x10  
  55  5:39  Baneling Nest, Drone  
  55  5:40  Drone x4  
  55  5:41  Extractor x2, Overlord  
  57  5:44  Extractor  
  57  5:48  Drone x3  
  57  5:49  Drone  
  51  6:16  Drone  
  51  6:17  Evolution Chamber, Drone x4  
  51  6:18  Evolution Chamber, Drone  
  56  6:19  Drone  
  56  6:20  Drone  
  57  6:33  Baneling x9  
  55  6:55  Centrifical Hooks  
  51  7:18  Overseer  
  51  7:22  Zergling x18  
  60  7:24  Overlord x7  
  60  7:32  Zerg Melee Weapons Level 1  
  60  7:33  Zerg Ground Armor Level 1  
  60  7:34  Overlord x2  
  59  8:16  Hatchery  
  59  8:17  Drone  
  59  8:18  Drone x9  
  68  8:22  Hatchery  
  67  8:37  Drone x7  
  74  8:49  Hatchery  
  73  9:03  Infestation Pit  
  73  9:05  Drone x3  
  73  9:06  Drone  
  76  9:11  Baneling x6  
  76  9:12  Baneling x10  
  76  9:25  Queen x2  
  69  9:38  Queen x2  
  70  9:39  Spire  
  65  9:58  Spawning Pool  
  57  10:06  Drone x6  
  57  10:07  Drone x7  
  70  10:11  Extractor  
  70  10:13  Extractor  
  65  10:27  Spawning Pool, Drone x5  
  65  10:28  Drone  
  68  11:04  Zergling x2  
  68  11:05  Zergling x18  
  68  11:06  Corruptor x4  
  68  11:07  Corruptor  
  80  11:18  Queen  
  80  11:19  Queen  
  80  11:21  Zerg Missile Weapons Level 1  
  70  11:55  Queen x2  
  74  12:02  Drone  
  74  12:03  Drone x2  
  74  12:07  Hatchery  
  76  12:14  Hatchery  
  75  12:23  Corruptor x7  
  87  12:45  Swarm Host x6  
  108  12:56  Lair  
  108  13:04  Drone x3  
  101  13:15  Drone x2  
  101  13:19  Drone x2  
  105  13:39  Zerg Flyer Armor Level 1, Mutalisk  
  105  13:40  Mutalisk x6  
  119  13:42  Zergling x2  
  120  13:53  Drone  
  120  13:54  Overlord x3  
  118  13:56  Overseer  
  118  13:57  Overseer x3  
  118  14:02  Drone x6  
  114  14:16  Burrow  
  114  14:21  Swarm Host  
  129  14:43  Drone x8  
  129  14:45  Drone x9  
  134  15:27  Extractor  
  134  15:28  Spine Crawler x2  
  132  15:31  Extractor  
  132  15:32  Zergling x2  
  132  15:33  Zergling x42  
  152  15:45  Overlord x2  
  152  15:46  Overlord x2  
  142  16:04  Drone  
  142  16:05  Drone x7  
  150  16:21  Extractor  
  150  16:22  Hive, Nydus Network  
  139  16:33  Baneling x10  
  139  16:34  Baneling x3  
  132  17:16  Swarm Host x7  
  162  17:23  Baneling x7  
  159  17:34  Zerg Flyer Armor Level 2  
  159  17:39  Overlord  
  147  18:14  Zergling x12  
  148  18:27  Nydus Canal  
  139  19:01  Zergling x2  
  139  19:02  Zergling x4  
  139  19:10  Hatchery  
  128  19:52  Spore Crawler  
  125  19:53  Drone  
  125  19:54  Drone x2  
  109  21:23  Drone x2  
  109  21:24  Drone x2  
  112  21:47  Drone  
  90  22:14  Baneling  
  90  22:15  Baneling x2  
  80  22:44  Nydus Canal  
  78  22:46  Drone  
  78  22:47  Drone x5  
  81  22:57  Spine Crawler  
  47  23:30  Spore Crawler  
  44  23:41  Baneling x4  
  8  24:06  Drone x4  
  8  24:07  Drone  
Show
View Real Time Build Order
Export as new Build Order

TheShredder Terran - Winner!

Build Orders:  

Get SALT Encoding   

  12  0:02  SCV  
  14  0:14  SCV  
  14  0:22  Supply Depot  
  14  0:26  SCV  
  15  0:35  Refinery  
  15  0:44  SCV  
  15  0:45  Barracks  
  16  0:56  SCV  
  17  1:09  Barracks  
  17  1:10  SCV  
  18  1:17  Refinery  
  18  1:22  SCV  
  20  1:32  Reaper  
  20  1:34  Orbital Command  
  20  1:45  Supply Depot  
  20  1:56  Factory  
  20  2:00  SCV  
  21  2:07  Reaper  
  22  2:12  SCV  
  23  2:25  SCV  
  25  2:37  SCV  
  25  2:49  SCV  
  28  2:51  Widow Mine  
  30  3:12  Widow Mine  
  30  3:26  Armory, Supply Depot  
  30  3:33  Command Center  
  27  4:04  SCV  
  28  4:16  SCV  
  29  4:19  Starport  
  28  4:28  SCV  
  28  4:32  Supply Depot, Engineering Bay  
  28  4:34  Supply Depot  
  30  4:40  SCV  
  29  5:00  Starport Tech Lab  
  29  5:05  Fusion Core  
  29  5:12  Planetary Fortress  
  29  5:14  Factory  
  29  5:16  Factory  
  32  5:21  Viking  
  32  5:25  Marine  
  32  5:43  Marine  
  27  6:00  SCV  
  27  6:01  Reaper  
  29  6:04  SCV  
  30  6:12  SCV  
  30  6:16  SCV  
  30  6:18  Refinery  
  32  6:19  Refinery  
  32  6:22  Fusion Core  
  32  6:24  Hellion, SCV  
  35  6:28  SCV  
  36  6:34  Starport  
  36  6:40  SCV  
  36  6:45  SCV  
  40  6:47  Widow Mine  
  40  6:53  SCV  
  41  7:05  SCV  
  35  7:17  SCV  
  36  7:29  SCV  
  37  7:36  Refinery  
  37  7:41  SCV, Factory Reactor x2  
  37  7:44  Battlecruiser, Starport Tech Lab  
  40  7:53  SCV  
  41  8:05  SCV  
  42  8:09  Battlecruiser  
  42  8:10  Factory Reactor  
  46  8:15  SCV  
  46  8:18  SCV  
  48  8:27  SCV  
  48  8:30  SCV  
  48  8:33  Command Center  
  50  8:39  SCV  
  51  8:43  SCV  
  51  8:47  Hellion x2  
  56  8:51  SCV  
  56  8:55  SCV  
  58  9:00  Supply Depot  
  58  9:03  SCV, Supply Depot  
  58  9:09  Widow Mine x3  
  67  9:15  Hellion x2  
  69  9:29  Widow Mine  
  69  9:30  Widow Mine  
  69  9:31  Widow Mine  
  64  10:16  SCV x2  
  64  10:20  SCV  
  67  10:28  SCV x2, Raven x2  
  71  10:32  Corvid Reactor  
  71  10:33  SCV  
  74  10:36  Missile Turret  
  74  10:37  Supply Depot  
  74  10:40  SCV x2  
  76  10:45  SCV  
  77  10:52  SCV x2  
  73  11:52  Missile Turret x2  
  73  11:53  Missile Turret  
  73  11:59  Raven x2  
  77  12:07  Missile Turret  
  77  12:08  Refinery  
  77  12:09  Refinery, Missile Turret, Orbital Command  
  77  12:10  Missile Turret  
  77  12:21  Missile Turret  
  75  12:53  Missile Turret  
  75  12:54  Widow Mine x3  
  77  13:20  Planetary Fortress  
  77  13:28  SCV x2  
  79  13:35  Hellion x2  
  79  13:38  Hellion x4  
  79  13:40  SCV x2  
  93  13:46  Supply Depot  
  93  13:52  SCV  
  93  13:53  SCV  
  95  13:57  Hellion x2  
  95  13:59  Hellion x2  
  95  14:00  Hellion  
  105  14:18  SCV x3  
  108  14:25  Command Center  
  108  14:30  SCV x2  
  110  14:33  Hellion  
  110  14:34  Hellion x2  
  116  15:14  Supply Depot  
  116  15:15  Supply Depot  
  116  15:16  Supply Depot  
  95  16:00  Battlecruiser x2  
  101  16:07  Widow Mine x2  
  105  16:13  Missile Turret  
  105  16:25  Factory Tech Lab x2  
  105  16:28  Widow Mine  
  107  16:42  SCV  
  103  16:54  SCV  
  103  16:59  SCV x2  
  103  17:04  Hellion  
  103  17:05  Hellion  
  103  17:06  SCV  
  98  17:26  Hellion x2  
  100  17:47  Hellion  
  96  17:54  Thor x2  
  96  17:58  SCV  
  109  18:10  SCV  
  98  18:19  Widow Mine x2  
  94  18:30  Factory  
  94  18:32  Factory  
  94  18:38  Starport Reactor x2  
  94  18:39  Factory  
  94  18:40  Factory  
  67  19:01  Thor  
  67  19:02  Thor  
  79  19:14  Viking x4  
  87  19:27  Missile Turret  
  87  19:44  Thor, Viking x4  
  92  19:58  Planetary Fortress  
  77  20:39  Viking x3  
  83  20:55  Hellion  
  85  21:21  Viking x2  
  85  21:22  Viking  
  60  22:40  Hellion x4  
  52  23:12  Hellion  
  41  24:53  Orbital Command  
Tags
 
Composition
Swarm Host
Matchup
TvZ
Add a new tag
Caveats
  • Supply blocks, unpowered buildings, or Contaminate may cause inaccurate times.
  • Supply counts are checked every 10 seconds.